 Dungeon Crawl Stone Soup version 0.20-a0-830-g2c9a30d (webtiles) character file.

604 M4edhros the Chopper (level 7, -11/61 HPs)
             Began as a Minotaur Berserker on Mar 7, 2017.
             Was a Believer of Trog.
             Shot with a bolt by an orc warrior (26 damage)
             ... in a bailey.
             The game lasted 00:04:03 (815 turns).

M4edhros the Chopper (Minotaur Berserker)            Turns: 815, Time: 00:04:03

Health: -11/61     AC: 11    Str: 21    XL:     7   Next: 18%
Magic:  6/6        EV:  5    Int:  7    God:    Trog [**....]
Gold:   95         SH:  9    Dex: 12    Spells: 6/6 levels left

rFire    . . .     SeeInvis .   a - +0 hand axe
rCold    . . .     Gourm    .   e - +0 plate armour
rNeg     . . .     Faith    .   f - +0 shield
rPois    .         Spirit   .   (helmet restricted)
rElec    .         Reflect  .   (no cloak)
rCorr    .         Harm     .   (no gloves)
MR       .....                  (no boots)
Stlth    ..........             n - amulet of regeneration
Regen    0.6/turn               (no ring)
MPRegen  0.1/turn               l - +3 ring of intelligence

@: no status effects
A: retaliatory headbutt, horns 2
a: Berserk, Trog's Hand, Burn Spellbooks, Renounce Religion


You were in a bailey.
You worshipped Trog.
Trog was pleased with you.
You were hungry.

You visited 1 branch of the dungeon, and saw 9 of its levels.
You also visited: Bailey.

You collected 95 gold pieces.

Inventory:

Hand Weapons
 a - a +0 hand axe (weapon)
 h - the +4 halberd "Qathrymysk" {protect, rPois rF- rN+ SInv}
   (You found it on level 9 of the Dungeon)

   It protects the one who uses it against injury (+AC on strike).
   It makes you vulnerable to fire.
   It protects you from poison.
   It protects you from negative energy.
   It lets you see invisible.
Armour
 b - a +0 animal skin
 e - a +0 plate armour (worn)
 f - a +0 shield (worn)
 j - a +0 chain mail
Jewellery
 l - a +3 ring of intelligence (left hand)
 n - an amulet of regeneration (around neck)
 s - the amulet of Tariychank {Spirit MR++}
   (You found it on level 5 of the Dungeon)

   [amulet of guardian spirit]

   It causes incoming damage to be split between your health and magic.
   It affects your resistance to hostile enchantments.
Wands
 m - a wand of random effects (10/48)
Scrolls
 q - a scroll of immolation {unknown}
 r - 2 scrolls of remove curse {unknown}
Potions
 g - a potion of mutation {unknown}
 k - 2 potions of haste {unknown}
Comestibles
 c - 2 bread rations
 i - a meat ration


   Skills:
 + Level 5.1 Fighting
 * Level 6.5 Axes
 + Level 4.1 Armour
 + Level 3.8 Dodging
 * Level 4.2 Shields


You had 6 spell levels left.
You didn't know any spells.

Dungeon Overview and Level Annotations

Branches:
Dungeon (9/15)                Orc (0/2) D:9
 Temple: D:4-7         Lair: D:8-11

Altars:
Nemelex Xobeh
Okawaru
Uskayaw

Shops:
D:5 !(


Innate Abilities, Weirdness & Mutations

You reflexively headbutt those who attack you in melee.
You have a pair of horns on your head.


Message History

The orc warrior shoots a bolt.
The bolt hits you.
You see here a bolt.
The orc warrior shoots a bolt.
You block the bolt.
You see here a bolt.
The orc warrior shoots a bolt.
You block the bolt.
You see here a bolt.
The orc warrior shoots a bolt.
You block the bolt.
You see here a bolt.
The orc warrior shoots a bolt.
The bolt hits you!
The orc warrior shoots a bolt.
The bolt hits you!
You see here a bolt.
The orc warrior shoots a bolt.
You block the bolt.
You see here a bolt.
The orc warrior shoots a bolt.
The bolt hits you!
The orc warrior shoots a bolt.
The bolt hits you!
* * * LOW HITPOINT WARNING * * *
You see here a bolt.
The orc warrior shouts!
The orc warrior shoots a bolt.
The bolt hits you!!
You die...

########################
..............(.(.(..(((
........................
.......@................
........................
........................
........................
≈≈≈≈≈≈≈≈≈≈≈≈≈≈≈≈≈≈≈≈≈≈≈≈
≈≈≈≈≈≈≈≈≈≈≈≈≈≈≈≈≈≈≈#o#≈≈
#≈≈≈≈≈≈≈≈≈≈≈≈≈≈≈ ##≈
o≈≈≈≈≈≈≈≈≈≈≈≈≈≈ o≈


You could see an orc warrior.

Vanquished Creatures
  An orc warrior (D:9)
  2 ogres
  A centaur (D:5)
  A wyvern zombie (D:8)
  A crimson imp (D:5)
  A bullfrog skeleton (D:5)
  A worker ant (D:8)
  An orc wizard (D:5)
  2 hound skeletons
  2 adders
  A worm (D:3)
  2 dart slugs
  5 orcs
  2 bats
  2 giant cockroaches
  A goblin (D:2)
  4 hobgoblins
  2 jackals (D:3)
  A quokka (D:5)
  2 frilled lizards (D:3)
  A kobold (D:2)
  A rat (D:1)
37 creatures vanquished.

Notes
Turn   | Place    | Note
-------+----------+-------------------------------------------
     0 | D:1      | M4edhros the Minotaur Berserker began the quest for the Orb.
     0 | D:1      | Reached XP level 1. HP: 19/19 MP: 0/0
   105 | D:2      | Reached skill level 4 in Axes
   121 | D:2      | Reached XP level 2. HP: 22/26 MP: 1/1
   191 | D:3      | Found a sparkling altar of Nemelex Xobeh.
   255 | D:3      | Reached XP level 3. HP: 21/33 MP: 2/2
   256 | D:3      | Found an iron altar of Okawaru.
   465 | D:5      | Entered Level 5 of the Dungeon
   465 | D:5      | Found a hide-covered altar of Uskayaw.
   485 | D:5      | Noticed an ogre
   494 | D:5      | Killed an ogre
   494 | D:5      | Reached skill level 5 in Axes
   494 | D:5      | Reached skill level 1 in Shields
   494 | D:5      | Reached XP level 4. HP: 16/40 MP: 3/3
   494 | D:5      | Reached ** piety under Trog
   494 | D:5      | Reached XP level 5. HP: 19/46 MP: 4/4
   523 | D:5      | Found Wyekiur's Distillery.
   526 | D:5      | Found Wutej's Weapon Emporium.
   569 | D:5      | Noticed a centaur
   585 | D:5      | Killed a centaur
   585 | D:5      | Reached XP level 6. HP: 30/53 MP: 5/5
   625 | D:5      | Got an ancient emerald amulet
   626 | D:5      | Identified the amulet of Tariychank {Spirit MR++} (You found it on level 5 of the Dungeon)
   708 | D:8      | Reached skill level 6 in Axes
   728 | D:9      | Noticed an orc warrior
   747 | D:9      | Killed an orc warrior
   747 | D:9      | Reached skill level 5 in Fighting
   747 | D:9      | Reached XP level 7. HP: 40/61 MP: 6/6
   777 | D:9      | Found a flagged portal.
   783 | D:9      | Got a translucent halberd
   789 | D:9      | Identified the +4 halberd "Qathrymysk" {protect, rPois rF- rN+ SInv} (You found it on level 9 of the Dungeon)
   792 | Bailey   | Entered a bailey
   815 | Bailey   | Shot with a bolt by an orc warrior

Vault maps used:
D:1:      dpeg_arrival_renting
D:2:      lemuel_doored_altar, overflow_temple_1_default
D:3:      overflow_temple_1_default, nicolae_overflow_hidden_temple,
          okawaru_metal_pillars_1_2
D:4:      first_bread, corexii_item_surrounded_by_moat, st_stairs_6,
          uniq_menkaure, uniq_pikel
D:5:      serial_shops, shop, nicolae_shop_trees, basic_altar
D:6:      minmay_diamond_boxcup, nicolae_overflow_crystal_walls
D:7:      dancing_weapons_uskayaw, xom_teletrap_fun,
          minmay_temple_entry_enclosed_plants
D:8:      led_sif_pool, kiku_gazebo_garden_becter, serial_shops,
          kennysheep_little_box, hangedman_pestilent_swarm, zaba_antful_of_joy
D:9:      minmay_orc_entry_temple_small, enter_bailey_2, uniq_grum
Bailey:   bailey_polearm_2, bailey

Skill      XL: |  1  2  3  4  5  6  7 |
---------------+----------------------+-----
Axes           | 4 5 6 |  6.5
Fighting       | 4 5 |  5.1
Armour         | 3 4 |  4.1
Dodging        | 3 |  3.8
Shields        | 1 2 3 4 |  4.2

Action                   |  1- 3 |  4- 6 |  7- 9 || total
-------------------------+-------+-------+-------++-------
Melee: Hand axe          |    45 |    76 |     6 ||   127
       Headbutt          |     7 |    16 |     1 ||    24
Invok: Berserk           |     1 |       |       ||     1
  Use: Scroll            |       |     5 |     1 ||     6
Armor: Animal skin       |     4 |       |       ||     4
       Chain mail        |     3 |    36 |       ||    39
       Plate armour      |       |       |     1 ||     1
Dodge: Dodged            |    31 |    15 |     1 ||    47
Block: Shield            |     1 |    41 |     7 ||    49
